 Dungeon Crawl Stone Soup version 0.28.0-53-g5a82cb258f (webtiles) character file.

Game seed: 18251444588412115228

42 Peloso the Covered (level 3, -1/33 HPs)
             Began as a Minotaur Fighter on May 29, 2022.
             Slain by a gnoll
             ... wielding a +0 halberd
              (9 damage)
             ... on level 2 of the Dungeon.
             The game lasted 00:02:28 (978 turns).

Peloso the Covered (Minotaur Fighter)                Turns: 978, Time: 00:02:28

Health: -1/33      AC:  8    Str: 20    XL:     3   Next: 33%
Magic:  2/2        EV:  9    Int:  5    God:
Gold:   83         SH:  4    Dex: 11    Spells: 2/2 levels left

rFire   . . .      SeeInvis .   a - +0 long sword
rCold   . . .      Faith    .   c - +0 buckler
rNeg    . . .      Spirit   .   b - +0 scale mail
rPois   .          Reflect  .   (helmet restricted)
rElec   .          Harm     .   (no cloak)
rCorr   .          Rampage  .   e - +0 pair of gloves
Will    .....                   (no boots)
Stlth   ..........              (no amulet)
HPRegen 0.11/turn               (no ring)
MPRegen 0.08/turn               (no ring)

@: no status effects
A: horns 2, retaliatory headbutt
a: no special abilities


You were on level 2 of the Dungeon.
You visited 1 branch of the dungeon, and saw 2 of its levels.

You collected 83 gold pieces.

Inventory:

Hand Weapons
 a - a +0 long sword (weapon)
Armour
 b - a +0 scale mail (worn)
 c - a +0 buckler (worn)
 e - a +0 pair of gloves (worn)
Scrolls
 f - 2 scrolls of identify {unknown}
 h - a scroll of vulnerability {unknown}
 i - a scroll of fear {unknown}
Potions
 d - a potion of might
 g - 2 potions of magic {unknown}


   Skills:
 + Level 4.0 Fighting
 + Level 3.4 Long Blades
 + Level 4.1 Armour
 + Level 4.0 Shields


You had 2 spell levels left.
You didn't know any spells.
Your spell library was empty.

Dungeon Overview and Level Annotations

Branches:
Dungeon (2/15)

Altars:


Innate Abilities, Weirdness & Mutations

You have a pair of horns on your head.
You reflexively headbutt those who attack you in melee.


Message History

You headbutt the gnoll, but do no damage.
You barely miss the gnoll. Your headbutt misses the gnoll.
An adder comes into view.
The adder hisses angrily.
You block the gnoll's attack. x2; The gnoll barely misses you.
You furiously retaliate!
You headbutt the gnoll.
Found a sedimented brown potion.
The gnoll hits you but does no damage. x2
Unknown command.
You closely miss the gnoll. You headbutt the gnoll.
The gnoll is severely wounded.
The gnoll hits you with a +0 halberd! The gnoll closely misses you.
The gnoll hits you but does no damage. The adder bites you but does no damage.
You hit the gnoll. You headbutt the gnoll.
You kill the gnoll!
The gnoll barely misses you. You furiously retaliate!
You headbutt the gnoll! You block the adder's attack.
The gnoll barely misses you. The gnoll hits you but does no damage.
The adder misses you. You furiously retaliate!
You headbutt the adder! The gnoll hits you with a +0 flail!
You barely miss the adder. Your headbutt misses the adder.
The adder is severely wounded.
The adder bites you but does no damage. The gnoll hits you with a +0 halberd.
* * * LOW HITPOINT WARNING * * *
The gnoll barely misses you.
Unknown command.
The gnoll barely misses you. The gnoll hits you with a +0 flail.
* * * LOW HITPOINT WARNING * * *
You see here a +0 club.
The adder barely misses you. You furiously retaliate!
You headbutt the adder, but do no damage.
You barely miss the adder.
The adder is severely wounded.
The adder barely misses you. x2; You furiously retaliate!
You headbutt the adder, but do no damage.
Unknown command.
You closely miss the adder.
The adder is severely wounded.
The gnoll closely misses you. The adder barely misses you.
The gnoll hits you from afar with a +0 halberd!
You die...

##.......#####.#
# #.......# #.#
# #.......# #.#
## #####.#.# #.#
#. #.#.#####.#
#. #.#.......#
#. ####.#### #.
#.# #. #@# #.
##.####S# #.
......gg# ##.
##.###.)# #..
#..# #.#.
#.....# ##..
#......... #..
###.#.....!.
.###..
...........#
......


You could see 2 gnolls and an adder.

Vanquished Creatures
  A gnoll (D:2)
  An adder (D:2)
  A worm (D:2)
  A dart slug (D:2)
  A ball python (D:2)
  2 endoplasms
  A goblin (D:1)
  2 hobgoblins (D:1)
  A kobold (D:1)
  A quokka (D:2)
  4 bats (D:1)
  2 frilled lizards (D:1)
18 creatures vanquished.

Vanquished Creatures (others)
  A fungus (D:1)
  2 plants (D:1)
3 creatures vanquished.

Grand Total: 21 creatures vanquished

Notes
Turn   | Place    | Note
-------+----------+-------------------------------------------
     0 | D:1      | Peloso the Minotaur Fighter began the quest for the Orb.
     0 | D:1      | Reached XP level 1. HP: 19/19 MP: 0/0
    86 | D:1      | Found a faded altar of an unknown god.
   220 | D:1      | Reached XP level 2. HP: 26/27 MP: 1/1
   856 | D:2      | Reached XP level 3. HP: 32/33 MP: 2/2
   978 | D:2      | Slain by a gnoll

Illustrated notes

Levels and vault maps discovered:
D:1:      minmay_arrival_hallway, layout_loops_ring,
          shapermc_ecumenical_altar_mp_urbaneastern, serial_park_tiny_pond,
          hangedman_abyss_or_decor_stabs, ebering_dispersal_statue_hall
D:2:      layout_loops_ring

Skill      XL: |  1  2 |
---------------+-------+-----
Armour         | 4 |  4.1
Long Blades    | 3 |  3.4
Shields        | 4 |  4.0
Fighting       | 4 |  4.0

Action                   || total
-------------------------++-------
Melee: Long sword        ||    53
       Headbutt          ||     9
Armor: Scale mail        ||    33
Dodge: Dodged            ||    30
Block: Buckler           ||    13
